 Dungeon Crawl Stone Soup version 0.31.0-12-g77e489cdc1 (webtiles) character file.

Game seed: 16111941039219292808

51 Gadfly the Insei (level 3, 0/29 HPs)
             Began as a Demonspawn Monk on Feb 12, 2024.
             Slain by Terence
             ... wielding a +3 short sword of freezing
              (1 damage)
             ... on level 2 of the Dungeon.
             The game lasted 00:01:49 (1172 turns).

Gadfly the Insei (Demonspawn Monk)                  Turns: 1172, Time: 00:01:50

Health: 0/29       AC:  2    Str: 13    XL:     3   Next: 57%
Magic:  0/2        EV: 13    Int: 10    God:
Gold:   61         SH:  4    Dex: 15    Spells: 2/2 levels left

rFire   . .          .
                       - Unarmed
rCold   . . .        c - orb {light}
rNeg    . . .        a - +0 robe
rPois   .            (helmet restricted)
rElec   .            (no cloak)
rCorr   .            (no gloves)
SInv    .            (no boots)
Will    .....        f - amulet of guardian spirit
Stlth   +            (no ring)
HPRegen 0.24/turn    (no ring)
MPRegen 0.08/turn

%: guardian spirit
@: glowing
A: antennae 2, claws 1, large bone plates 1, low MP 1
a: no special abilities


You were on level 2 of the Dungeon.
You visited 1 branch of the dungeon, and saw 2 of its levels.

You collected 61 gold pieces.

Inventory:

Hand Weapons
 d - a +0 long sword
Armour
 a - a +0 robe (worn)
 c - an orb of light (worn)
Jewellery
 f - an amulet of guardian spirit (around neck)
 g - an amulet of faith
Scrolls
 h - a scroll of identify {unknown}
Potions
 b - a potion of mutation


   Skills:
 - Level 3.0 Fighting
 + Level 2.9 Dodging
 * Level 3.2 Unarmed Combat
 * Level 1.5 Evocations
 * Level 1.2 Shapeshifting


You had 2 spell levels left.
You didn't know any spells.
Your spell library contained the following spells:

 Spells                   Type           Power      Damage    Failure   Level
 Static Discharge         Conj/Air       0%         3-3/arc   50%         2
 Airstrike                Air            0%         2d(0-16)  98%         4
 Summon Lightning Spire   Summ/Air       0%         N/A       98%         4


Dungeon Overview and Level Annotations

Branches:
Dungeon (2/15)

Altars:

Annotations:
D:2 Terence


Innate Abilities, Weirdness & Mutations

You have a pair of antennae on your head.
You have sharp fingernails.
You are partially covered in large bone plates. (SH +4)
Your magical capacity is low. (-10% MP)


Message History

Terence is nearby!
You aren't carrying any items that you can evoke.
Okay, then.
You hit Terence but do no damage.
Terence hits you with a +3 short sword of freezing!
Terence freezes you.
You hit Terence but do no damage. Terence barely misses you.
You hit Terence.
Terence is lightly wounded.
Terence hits you with a +3 short sword of freezing!
Terence freezes you.
It was a potion of mutation.
You feel extremely strange.
You feel less energetic.
Your fingernails lengthen.
The antennae on your head grow some more.
Large bone plates grow over parts of your arms.
Terence hits you with a +3 short sword of freezing.
* * * LOW HITPOINT WARNING * * *
Terence freezes you.
* * * LOW HITPOINT WARNING * * *
It was a potion of curing.
You feel better.
Terence hits you with a +3 short sword of freezing.
Terence freezes you.
You aren't carrying any items that you can evoke.
Okay, then.
You barely miss Terence.
Terence is lightly wounded.
Terence closely misses you.
You scratch Terence.
Terence is moderately wounded.
Terence hits you with a +3 short sword of freezing!
* * * LOW HITPOINT WARNING * * *
Terence freezes you.
* * * LOW HITPOINT WARNING * * *
You scratch Terence.
Terence is moderately wounded.
Terence hits you with a +3 short sword of freezing.
* * * LOW HITPOINT WARNING * * *
Terence freezes you.
You die...
Terence says, "Time to find some more victims."

#####
...
...
...
#.#
#.#
#@#
#@#
##.#
#..#
#.##
##.#
#..#
......
#.##
.....
#.# ##
....
#.# .
...


You could see Terence.

Vanquished Creatures
  An adder (D:2)
  2 dart slugs (D:1)
  4 bats (D:1)
  4 endoplasms (D:1)
  2 giant cockroaches (D:1)
  4 goblins (D:1)
  3 hobgoblins
  4 jackals (D:1)
  3 kobolds
  2 ball pythons (D:1)
  4 frilled lizards (D:1)
  A rat (D:1)
34 creatures vanquished.

Notes
Turn   | Place    | Note
-------+----------+-------------------------------------------
     0 | D:1      | Gadfly the Demonspawn Monk began the quest for the Orb.
     0 | D:1      | Reached XP level 1. HP: 18/18 MP: 1/1
    80 | D:1      | Gained mutation: You have a pair of small antennae on your
                  | head. [demonic ancestry]
    80 | D:1      | Reached XP level 2. HP: 21/24 MP: 2/2
   142 | D:1      | Reached skill level 1 in Evocations
   313 | D:1      | Reached skill level 1 in Shapeshifting
   337 | D:1      | Found a faded altar of an unknown god.
   346 | D:1      | Reached XP level 3. HP: 25/29 MP: 3/3
  1162 | D:2      | Noticed Terence
  1168 | D:2      | Gained mutation: Your magical capacity is low. (-10% MP)
                  | [potion of mutation]
  1168 | D:2      | Gained mutation: You have sharp fingernails. [potion of
                  | mutation]
  1168 | D:2      | Gained mutation: You have a pair of antennae on your head.
                  | [potion of mutation]
  1168 | D:2      | Gained mutation: You are partially covered in large bone
                  | plates. (SH +4) [potion of mutation]
  1172 | D:2      | HP: 1/29 [Terence/+3 short sword of freezing (4)]
  1172 | D:2      | Slain by Terence

Illustrated notes

Levels and vault maps discovered:
D:1:      nagdon_arrival_zigzag_paths, layout_basic,
          hellmonk_ecumenical_altar_lost_god, dreamdust_princess_corridor
D:2:      layout_loops_cross, chequers_decorated_corner, uniq_sigmund,
          uniq_terence, uniq_crazy_yiuf_cottage

Skill      XL: |  1  2 |
---------------+-------+-----
Evocations     | 1 |  1.5
Unarmed Combat | 3 |  3.2
Shapeshifting  | 1 |  1.2
Fighting       | |  3.0
Dodging        | |  2.9

Action                     || total
---------------------------++-------
  Melee: Unarmed           ||   136
    Use: Potion            ||     3
         Scroll            ||     2
 Armour: Robe              ||    72
  Dodge: Dodged            ||   110
